 Dungeon Crawl Stone Soup version 0.26.0-16-gc1dbca0489 (webtiles) character file.

Game seed: 4511789753702729903

59 kaeus the Sneak (level 4, -3/27 HPs)
             Began as an Octopode Hedge Wizard on Jan 22, 2021.
             Slain by a gnoll
             ... wielding a +0 halberd
              (15 damage)
             ... on level 2 of the Dungeon.
             The game lasted 00:02:12 (2028 turns).

kaeus the Sneak (Octopode Hedge Wizard)             Turns: 2028, Time: 00:02:12

Health: -3/27      AC:  2    Str:  9    XL:     4   Next: 3%
Magic:  1/8        EV: 13    Int: 17    God:
Gold:   60         SH:  5    Dex: 11    Spells: 6/9 levels left

rFire    + . .     SeeInvis .   a - +0 dagger
rCold    x . .     Faith    .   (no shield)
rNeg     . . .     Spirit   .   b - +1 hat
rPois    .         Reflect  +   c - amulet of reflection
rElec    .         Harm     .   d - ring of fire
rCorr    .         Rampage  .   (no ring)
Will     .....                  (no ring)
Stlth    +++.......             (no ring)
HPRegen  0.09/turn              (no ring)
MPRegen  0.11/turn              (no ring)
                                (no ring)
                                (no ring)

@: no status effects
A: almost no armour, stealthy swim, amphibious, 8 rings, constrict 8, camouflage
1, gelatinous body 1
a: no special abilities


You were on level 2 of the Dungeon.
You visited 1 branch of the dungeon, and saw 2 of its levels.

You collected 60 gold pieces.

Inventory:

Hand Weapons
 a - a +0 dagger (weapon)
Armour
 b - a +1 hat (worn)
Jewellery
 c - an amulet of reflection (around mantle)
 d - a ring of fire (left tentacle)
Potions
 g - a potion of heal wounds {unknown}


   Skills:
 + Level 2.2 Dodging
 * Level 3.8 Stealth
 + Level 3.2 Spellcasting
 + Level 1.6 Conjurations
 + Level 1.6 Summonings
 + Level 1.8 Translocations


You had 6 spell levels left.
You knew the following spells:

 Your Spells              Type           Power        Failure   Level
a - Magic Dart            Conj           32%          9%          1
b - Call Imp              Summ           8%           13%         2

Your spell library contained the following spells:

 Spells                   Type           Power        Failure   Level
 Blink                    Tloc           N/A          12%         2
 Slow                     Hex            2%           26%         2
 Conjure Flame            Conj/Fire      8%           36%         3
 Mephitic Cloud           Conj/Pois/Air  4%           38%         3


Dungeon Overview and Level Annotations

Branches:
Dungeon (2/15)

Altars:


Innate Abilities, Weirdness & Mutations

You cannot wear most types of armour.
You are very stealthy in the water. (Stealth+)
You are amphibious.
You can wear up to eight rings at the same time.
You can use your tentacles to constrict eight enemies at once.
Your skin changes colour to match your surroundings (Stealth+).
Your rubbery body absorbs attacks. (AC +1, EV +1)


Message History

The gnoll is moderately wounded.
You now have 0/8 mp.
The gnoll hits you with a +0 halberd!
Ouch! That really hurt!
You take 13 damage, and have 12/27 hp.
MASSIVE DAMAGE!!
You are too injured to fight recklessly!
You are too injured to fight recklessly!
You are too injured to fight recklessly!
You are too injured to fight recklessly!
You are too injured to fight recklessly!
You hit the gnoll. You grab the gnoll.
The gnoll is heavily wounded.
You constrict the gnoll, but do no damage.
The gnoll closely misses you.
Your magical contamination has completely faded away.
You hit the gnoll but do no damage.
The gnoll is heavily wounded.
You constrict the gnoll. The gnoll hits you with a +0 halberd!
Ouch! That really hurt!
You die...

#. #. #.##########
#..........# ###
#..#######.###.##
#g.# #####.##.#.##
####..###....g@<###.#
#.....[...###.##.#.##
###.#...#####
#.###.## .........#
#.# #.# #####...##
#.# #.# ##... .รท#
#.# #.### ### #.# #.
#.# #+ #.#


You could see a gnoll.

Vanquished Creatures
  2 gnolls (D:2)
  An ooze (D:1)
  2 dart slugs (D:1)
  A leopard gecko (D:1)
  2 ball pythons (D:1)
  2 bats (D:1)
  4 hobgoblins
  3 jackals (D:1)
  2 frilled lizards (D:1)
  5 goblins
  4 kobolds
  4 rats
32 creatures vanquished.

Notes
Turn   | Place    | Note
-------+----------+-------------------------------------------
     0 | D:1      | kaeus the Octopode Hedge Wizard began the quest for the
                  | Orb.
     0 | D:1      | Reached XP level 1. HP: 11/11 MP: 4/4
   479 | D:1      | Reached XP level 2. HP: 17/17 MP: 1/6
   482 | D:1      | Learned a level 2 spell: Call Imp
  1119 | D:1      | Reached XP level 3. HP: 21/21 MP: 4/7
  1726 | D:2      | Reached XP level 4. HP: 16/27 MP: 0/8
  2028 | D:2      | Slain by a gnoll

Illustrated notes

Levels and vault maps discovered:
D:1:      nzn_arrival_depleted_hourglass, layout_loops_ring, due_unseen_surprise
D:2:      layout_loops_corners, grunt_qazlal_clouds, marbit_many_paths,
          kennysheep_generic_room_7

Skill      XL: |  1  2 |
---------------+-------+-----
Stealth        | 3 |  3.8
Dodging        | |  2.2
Spellcasting   | |  3.2
Conjurations   | |  1.6
Summonings     | |  1.6
Translocations | |  1.8

Action                   |  1- 3 |  4- 6 || total
-------------------------+-------+-------++-------
Melee: Dagger            |    64 |     3 ||    67
       Constrict         |    15 |     2 ||    17
       Tentacles         |    10 |       ||    10
 Cast: Magic Dart        |    46 |     8 ||    54
  Use: Scroll            |     4 |       ||     4
Armor: Skin              |     2 |       ||     2
Dodge: Dodged            |    49 |     4 ||    53
Block: Other             |     1 |     3 ||     4
